 Dungeon Crawl Stone Soup version 0.29-a0-553-g81b289dbe5 (webtiles) character file.

Game seed: 13463901029817496697

161 DocClef the Covert (level 5, -1/47 HPs)
             Began as a Gnoll Delver on June 7, 2022.
             Slain by an orc
             ... wielding a +0 trident
              (4 damage)
             ... on level 6 of the Dungeon.
             The game lasted 00:01:55 (151 turns).

DocClef the Covert (Gnoll Delver)                    Turns: 151, Time: 00:01:56

Health: -1/47      AC:  3    Str: 12    XL:     5   Next: 42%
Magic:  7/7        EV: 13    Int:  9    God:
Gold:   9          SH:  0    Dex: 15    Spells: 6/6 levels left

rFire   . . .      SeeInvis .   a - +0 short sword
rCold   . . .      Faith    .   (no shield)
rNeg    . . .      Spirit   .   b - +0 leather armour
rPois   .          Reflect  .   (no helmet)
rElec   .          Harm     .   (no cloak)
rCorr   .          Rampage  .   (no gloves)
Will    .....                   (no boots)
Stlth   ++++......              (no amulet)
HPRegen 0.15/turn               (no ring)
MPRegen 0.10/turn               (no ring)

@: no status effects
A: fangs 1, strong nose, distributed training
a: no special abilities


You were on level 6 of the Dungeon.
You visited 1 branch of the dungeon, and saw 2 of its levels.

You collected 9 gold pieces.

Inventory:

Hand Weapons
 a - a +0 short sword (weapon)
Armour
 b - a +0 leather armour (worn)
Wands
 g - a wand of digging (3)
Scrolls
 c - a scroll of fog
 d - a scroll of magic mapping
 e - a scroll of fear
Potions
 f - a potion of haste
 h - a potion of heal wounds {unknown}


   Skills:
 + Level 6.7 Fighting
 + Level 4.8 Short Blades
 + Level 1.4 Long Blades
 + Level 1.4 Axes
 + Level 1.4 Maces & Flails
 + Level 1.4 Polearms
 + Level 1.4 Staves
 + Level 1.4 Slings
 + Level 1.4 Bows
 + Level 1.4 Crossbows
 + Level 1.4 Throwing
 + Level 1.4 Armour
 + Level 4.8 Dodging
 + Level 9.7 Stealth
 + Level 1.4 Shields
 + Level 1.4 Unarmed Combat
 + Level 1.4 Spellcasting
 + Level 1.1 Conjurations
 + Level 1.1 Hexes
 + Level 1.1 Summonings
 + Level 1.1 Necromancy
 + Level 1.1 Translocations
 + Level 1.1 Transmutations
 + Level 1.1 Fire Magic
 + Level 1.1 Ice Magic
 + Level 1.1 Air Magic
 + Level 1.1 Earth Magic
 + Level 1.1 Poison Magic
 + Level 1.6 Invocations
 + Level 1.4 Evocations


You had 6 spell levels left.
You didn't know any spells.
Your spell library was empty.

Dungeon Overview and Level Annotations

Branches:
Dungeon (6/15)
 Temple: D:4-7

Altars:

Annotations:
D:5 1 runed translucent door, Bediveer's ghost, amateur GrEE; Edmund


Innate Abilities, Weirdness & Mutations

You have very sharp teeth.
Your uncanny sense of smell can sniff out nearby items.
Your experience applies equally to all skills.


Message History

The white imp hits you but does no damage.
The orc hits you but does no damage. The orc wizard barely misses you.
The orc barely misses you.
You hit the orc wizard but do no damage.
The orc wizard is moderately wounded.
A wight comes into view. It is wielding a +4 flail.
A wight comes into view. It is wielding a +0 morningstar.
The white imp hits you. The white imp freezes you. The orc closely misses you.
The orc hits you with a +0 trident. The orc wizard closely misses you.
You are too injured to fight recklessly!
You are too injured to fight recklessly!
You are too injured to fight recklessly!
You are too injured to fight recklessly!
Unknown command.
You are too injured to fight recklessly!
You are too injured to fight recklessly!
You are too injured to fight recklessly!
Unknown command.
Unknown command.
You are too injured to fight recklessly!
You barely miss the orc wizard.
You bite the orc wizard, but do no damage.
The orc wizard is moderately wounded.
The white imp hits you. The white imp freezes you. The orc barely misses you.
The orc wizard hits you with a +0 dagger.
The orc barely misses you.
You closely miss the orc wizard.
The orc wizard is moderately wounded.
The orc hits you with a +0 trident.
* * * LOW HITPOINT WARNING * * *
The white imp closely misses you. The orc hits you with a +0 falchion.
* * * LOW HITPOINT WARNING * * *
The orc wizard hits you with a +0 dagger.
* * * LOW HITPOINT WARNING * * *
You closely miss the orc wizard.
The orc wizard is moderately wounded.
You hit the orc wizard. Your bite misses the orc wizard.
The orc wizard is moderately wounded.
The orc hits you with a +0 trident.
You die...

#. #.###.........
#..#.............
#..#.............
#.#..<..........#
#............>.##
#...#...........+
#...##...(.......+
##. #....o.......#
#. ##.o@......#..#
z #.o5.!..$.....
#..............
..............#..
..z...........#
..zz......#.##.
............#
......##.....
...... ..#++#


You could see 3 wights, an orc wizard, a white imp and 2 orcs.

Vanquished Creatures
  A bullfrog (D:6)
  A scorpion (D:5)
  An iguana (D:5)
  2 adders
5 creatures vanquished.

Notes
Turn   | Place    | Note
-------+----------+-------------------------------------------
     0 | D:5      | Reached skill level 9 in Stealth
     0 | D:5      | DocClef the Gnoll Delver began the quest for the Orb.
     0 | D:5      | Reached XP level 1. HP: 23/23 MP: 1/1
    23 | D:5      | Noticed a scorpion
    29 | D:5      | Killed a scorpion
    30 | D:5      | Reached skill level 1 in Long Blades
    30 | D:5      | Reached skill level 1 in Axes
    30 | D:5      | Reached skill level 1 in Maces & Flails
    30 | D:5      | Reached skill level 1 in Polearms
    30 | D:5      | Reached skill level 1 in Staves
    30 | D:5      | Reached skill level 1 in Slings
    30 | D:5      | Reached skill level 1 in Bows
    30 | D:5      | Reached skill level 1 in Crossbows
    30 | D:5      | Reached skill level 1 in Throwing
    30 | D:5      | Reached skill level 1 in Armour
    30 | D:5      | Reached skill level 1 in Shields
    30 | D:5      | Reached skill level 1 in Unarmed Combat
    30 | D:5      | Reached skill level 1 in Spellcasting
    30 | D:5      | Reached skill level 1 in Invocations
    30 | D:5      | Reached skill level 1 in Evocations
    30 | D:5      | Reached XP level 2. HP: 29/29 MP: 1/3
    30 | D:5      | Reached XP level 3. HP: 35/35 MP: 1/4
    89 | D:5      | Reached XP level 4. HP: 41/41 MP: 5/5
    94 | D:5      | Reached skill level 1 in Conjurations
    94 | D:5      | Reached skill level 1 in Hexes
    94 | D:5      | Reached skill level 1 in Summonings
    94 | D:5      | Reached skill level 1 in Necromancy
    94 | D:5      | Reached skill level 1 in Translocations
    94 | D:5      | Reached skill level 1 in Transmutations
    94 | D:5      | Reached skill level 1 in Fire Magic
    94 | D:5      | Reached skill level 1 in Ice Magic
    94 | D:5      | Reached skill level 1 in Air Magic
    94 | D:5      | Reached skill level 1 in Earth Magic
    94 | D:5      | Reached skill level 1 in Poison Magic
    96 | D:5      | Noticed Edmund
   111 | D:5      | Found a runed translucent door.
   111 | D:5      | Noticed Bediveer's ghost (amateur GrEE)
   121 | D:6      | Noticed a bullfrog
   122 | D:6      | Killed a bullfrog
   123 | D:6      | Reached XP level 5. HP: 47/47 MP: 5/7
   149 | D:6      | HP: 2/47 [orc wizard/+0 dagger (3)]
   151 | D:6      | Slain by an orc

Illustrated notes

Levels and vault maps discovered:
D:5:      layout_loops_ring, gammafunk_ghost_grave, uniq_edmund, uniq_pikel
D:6:      layout_cave_pools, serial_shops, nicolae_shop_behind_doors,
          serial_gnoll_camp, gnoll_camp_mini_house, gnoll_camp_mini_hut,
          gnoll_camp_mini_shop, gnoll_camp_mini_hut, gnoll_camp_mini_hut,
          gnoll_camp_medium_02, minmay_shop_damaged, uniq_prince_ribbit1

Skill      XL: |  1  2  3  4 |
---------------+-------------+-----
Stealth        | |  9.7
Long Blades    | 1 |  1.4
Axes           | 1 |  1.4
Maces & Flails | 1 |  1.4
Polearms       | 1 |  1.4
Staves         | 1 |  1.4
Slings         | 1 |  1.4
Bows           | 1 |  1.4
Crossbows      | 1 |  1.4
Throwing       | 1 |  1.4
Armour         | 1 |  1.4
Shields        | 1 |  1.4
Unarmed Combat | 1 |  1.4
Spellcasting   | 1 |  1.4
Invocations    | 1 |  1.6
Evocations     | 1 |  1.4
Conjurations   | 1 |  1.1
Hexes          | 1 |  1.1
Summonings     | 1 |  1.1
Necromancy     | 1 |  1.1
Translocations | 1 |  1.1
Transmutations | 1 |  1.1
Fire Magic     | 1 |  1.1
Ice Magic      | 1 |  1.1
Air Magic      | 1 |  1.1
Earth Magic    | 1 |  1.1
Poison Magic   | 1 |  1.1
Fighting       | |  6.7
Short Blades   | |  4.8
Dodging        | |  4.8

Action                   |  1- 3 |  4- 6 || total
-------------------------+-------+-------++-------
Melee: Short sword       |     2 |    16 ||    18
       Bite              |       |     1 ||     1
 Stab: Sleeping          |     2 |     2 ||     4
Armor: Leather armour    |       |     4 ||     4
Dodge: Dodged            |       |    16 ||    16

Table legend: (Time is in decaauts)
 A = Elapsed time spent in this place.
 B = Non-inter-level travel time spent in this place.
 C = Inter-level travel time spent in this place.
 D = Time resting spent in this place.
 E = Time spent auto-exploring this place.
 F = Levels seen in this place.
 G = Mean time per level.
                   A        B        C        D        E       F      G
               +--------+--------+--------+--------+--------+-----+--------+
         Total |    148 |    148 |      0 |      0 |     73 |   2 |   74.0 |
       Dungeon |    148 |    148 |      0 |      0 |     73 |   2 |   74.0 |
               +--------+--------+--------+--------+--------+-----+--------+

Top non-repeatable levels by time:
     D:5: 122 daAuts
     D:6: 26 daAuts
